 Dungeon Crawl Stone Soup version 0.24-a0-284-g9fb9971df1 (webtiles) character file.

Game seed: 13724013827676268514

1605 fairgil the Skirmisher (level 8, -1/73 HPs)
             Began as a Minotaur Berserker on May 5, 2019.
             Was a Priest of Trog.
             Killed from afar by an orc wizard (5 damage)
             ... with a magic dart
             ... on level 6 of the Dungeon.
             The game lasted 00:18:29 (5033 turns).

fairgil the Skirmisher (Minotaur Berserker)         Turns: 5033, Time: 00:18:29

Health: -1/73      AC: 11    Str: 26    XL:     8   Next: 63%
Magic:  2/2        EV: 11    Int:  4    God:    Trog [***...]
Gold:   239        SH:  0    Dex: 10    Spells: 7/7 levels left

rFire    + . .     SeeInvis .   h - +1 battleaxe (antimagic)
rCold    . . .     Gourm    .   (shield currently unavailable)
rNeg     . . .     Faith    .   j - +0 chain mail
rPois    .         Spirit   .   (helmet restricted)
rElec    .         Reflect  .   (no cloak)
rCorr    .         Harm     .   b - +0 pair of gloves
MR       .....                  (no boots)
Stlth    ..........             g - amulet of rage {+Rage}
HPRegen  0.22/turn              f - ring of protection from fire {rF+}
MPRegen  0.08/turn              o - +2 ring of strength

@: berserk cooldown
A: retaliatory headbutt, horns 2
a: Berserk, Trog's Hand, Renounce Religion, Evoke Berserk Rage


You were on level 6 of the Dungeon.
You worshipped Trog.
Trog was most pleased with you.
You were not hungry.

You visited 1 branch of the dungeon, and saw 6 of its levels.

You collected 239 gold pieces.

Inventory:

Hand Weapons
 h - a +1 antimagic battleaxe (weapon)
Armour
 b - a +0 pair of gloves (worn)
 j - a +0 chain mail (worn)
Jewellery
 f - a ring of protection from fire (left hand) {rF+}
 g - an amulet of rage (around neck) {+Rage}
 o - a +2 ring of strength (right hand)
Scrolls
 N - a scroll of remove curse {@r2}
 T - a scroll of teleportation {@r3}
Potions
 c - 2 potions of mutation {!q}
 d - a potion of berserk rage
 e - a potion of cancellation
 k - a potion of heal wounds {unknown}
 l - a potion of flight
 n - a potion of resistance {unknown}
 Q - 2 potions of curing {@q2}
Comestibles
 z - 11 rations


   Skills:
 + Level 7.5 Fighting
 + Level 7.4 Axes
 + Level 6.9 Armour
 + Level 6.4 Dodging


You had 7 spell levels left.
You didn't know any spells.
Your spell library was empty.

Dungeon Overview and Level Annotations

Branches:
Dungeon (6/15)
 Temple: D:4-7

Altars:
Fedhas
Nemelex Xobeh
The Shining One

Annotations:
D:5 3 runed translucent doors, P0WERM0DE's ghost, novice MiFi; malark's ghost, novice OpWz


Innate Abilities, Weirdness & Mutations

You reflexively headbutt those who attack you in melee.
You have a pair of horns on your head.


Message History

Reactivating autopickup.
You feel a bit more experienced.
The orc wizard hits you but does no damage.
You closely miss the orc wizard.
The orc wizard is lightly wounded.
The orc wizard casts a spell at you. You resist with some effort.
The orc wizard barely misses you.
You closely miss the orc wizard. Your headbutt misses the orc wizard.
The orc wizard is lightly wounded.
The orc wizard hits you but does no damage.
The orc wizard closely misses you.
You closely miss the orc wizard.
The orc wizard is lightly wounded.
You feel yourself speed up.
The orc wizard hits you but does no damage.
The orc wizard mumbles some strange words.
The orc wizard blinks!
The orc wizard casts a spell at you. The magic dart hits you.
You die...

##########
.........#
........# .......
#####
#..........##
#...##...#.##
#ยง.##..#..$#
#[@..#....#
.......#..#.....#
....##..##).##:.#
.. #.. #.o##..#
...#..#.....#
...#....#....#
....#..##..#...#
...#... #...#..#
..#..........#.#


You could see an orc wizard.

Vanquished Creatures
  Grinder (D:5)
  Duvessa (D:4)
  An ice beast (D:5)
  An ogre (D:5)
  Blork the orc (D:5)
  Dowan (D:4)
  2 scorpions
  A howler monkey (D:5)
  A bullfrog zombie (D:6)
  2 crimson imps (D:5)
  A centaur skeleton (D:6)
  2 orc priests
  A bullfrog skeleton (D:4)
  2 iguanas
  8 orc wizards
  Natasha (twice) (D:3)
  2 worker ants
  Robin (D:2)
  7 gnolls
  10 adders
  An adder skeleton (D:4)
  4 worms
  2 dart slugs
  3 leopard geckos
  13 orcs
  A ball python (D:3)
  2 giant cockroaches
  12 goblins
  13 hobgoblins
  3 quokkas
  7 bats
  4 frilled lizards
  A giant cockroach zombie (D:6)
  A jackal zombie (D:5)
  6 kobolds
  A leopard gecko skeleton (D:4)
  3 rats
125 creatures vanquished.

Notes
Turn   | Place    | Note
-------+----------+-------------------------------------------
     0 | D:1      | fairgil the Minotaur Berserker began the quest for the Orb.
     0 | D:1      | Reached XP level 1. HP: 19/19 MP: 0/0
   751 | D:1      | Found a glowing golden altar of the Shining One.
  1029 | D:1      | Reached XP level 2. HP: 13/27 MP: 1/1
  1432 | D:2      | Reached skill level 4 in Fighting
  1432 | D:2      | Reached skill level 4 in Axes
  1452 | D:2      | Reached skill level 3 in Armour
  1487 | D:2      | Reached XP level 3. HP: 27/33 MP: 2/2
  1716 | D:2      | Noticed Robin
  1719 | D:2      | Reached ** piety under Trog
  1728 | D:2      | Killed Robin
  1728 | D:2      | Reached skill level 3 in Dodging
  1828 | D:2      | Reached XP level 4. HP: 41/41 MP: 3/3
  2111 | D:2      | Found a sparkling altar of Nemelex Xobeh.
  2370 | D:3      | Reached XP level 5. HP: 47/47 MP: 4/4
  2553 | D:3      | Noticed Natasha
  2558 | D:3      | Killed Natasha
  2558 | D:3      | Reached skill level 4 in Armour
  2622 | D:3      | Reached skill level 5 in Fighting
  2667 | D:3      | Reached skill level 5 in Axes
  2754 | D:3      | Noticed Natasha
  2759 | D:3      | Killed Natasha
  2759 | D:3      | Reached *** piety under Trog
  2759 | D:3      | Reached XP level 6. HP: 45/56 MP: 5/5
  2810 | D:3      | Reached skill level 4 in Dodging
  3434 | D:4      | Noticed Duvessa
  3434 | D:4      | Noticed Dowan
  3441 | D:4      | Killed Duvessa
  3441 | D:4      | Reached skill level 5 in Armour
  3441 | D:4      | Reached XP level 7. HP: 60/62 MP: 6/6
  3464 | D:4      | HP: 2/62 [Dowan/shard of ice (15)]
  3469 | D:4      | Killed Dowan
  3469 | D:4      | Reached skill level 6 in Fighting
  3883 | D:5      | Entered Level 5 of the Dungeon
  3956 | D:5      | Found a blossoming altar of Fedhas.
  3998 | D:5      | Reached skill level 6 in Axes
  4015 | D:5      | Reached skill level 5 in Dodging
  4060 | D:5      | Noticed Grinder
  4072 | D:5      | HP: 3/64 [Grinder (6)]
  4090 | D:5      | Paralysed by Grinder for 6 turns
  4100 | D:5      | Killed Grinder
  4100 | D:5      | Reached skill level 6 in Armour
  4100 | D:5      | Reached XP level 8. HP: 25/71 MP: 7/7
  4415 | D:5      | Reached skill level 7 in Fighting
  4415 | D:5      | Reached skill level 7 in Axes
  4593 | D:5      | Noticed Blork the orc
  4597 | D:5      | Killed Blork the orc
  4597 | D:5      | Reached skill level 6 in Dodging
  4767 | D:5      | Found a runed translucent gate.
  4767 | D:5      | Found a runed translucent gate.
  4767 | D:5      | Found a runed translucent gate.
  4767 | D:5      | Noticed malark's ghost (novice OpWz)
  4767 | D:5      | Noticed P0WERM0DE's ghost (novice MiFi)
  5028 | D:6      | HP: 2/73 [orc wizard/magic dart (9)]
  5033 | D:6      | Killed from afar by an orc wizard

Levels and vault maps discovered:
D:1:      sevenhm_arrival_forest_fort_small_4, layout_basic, tso_metal_star
D:2:      layout_rooms, lemuel_round_altar, uniq_robin
D:3:      layout_loops_ring, uniq_natasha
D:4:      layout_basic, uniq_duvessa
D:5:      layout_basic, kennysheep_little_box, first_ration,
          gammafunk_ghost_cemetery, uniq_grinder, uniq_blork_the_orc
D:6:      lemuel_insect_pit, layout_basic, gammafunk_ghost_hive,
          portal_sewer_entry_f, minivault_26,
          nicolae_gozag_cash_rules_everything_around_me

Skill      XL: |  1  2  3  4  5  6  7  8 |
---------------+-------------------------+-----
Fighting       | 4 5 6 7 |  7.5
Axes           | 4 5 6 7 |  7.4
Armour         | 3 4 5 6 |  6.9
Dodging        | 3 4 5 6 |  6.4

Action                   |  1- 3 |  4- 6 |  7- 9 || total
-------------------------+-------+-------+-------++-------
Melee: Hand axe          |    48 |   157 |    78 ||   283
       Headbutt          |     8 |    31 |    25 ||    64
       Battleaxe         |       |       |    35 ||    35
Invok: Berserk           |     5 |     5 |     7 ||    17
       Trog's Hand       |       |       |     3 ||     3
  Use: Scroll            |     3 |     5 |     8 ||    16
       Potion            |       |       |     2 ||     2
  Eat: Ration            |     1 |       |     3 ||     4
       Chunk             |     3 |    11 |     3 ||    17
Armor: Animal skin       |     1 |       |       ||     1
       Leather armour    |     3 |       |       ||     3
       Ring mail         |     1 |       |       ||     1
       Chain mail        |     8 |    89 |    95 ||   192
Dodge: Dodged            |    15 |    73 |    60 ||   148

Table legend:
 A = Non-vault XP
 B = Vault XP
 C = Vault XP percentage of total XP
 D = Non-vault monster count
 E = Vault monster count
 F = Vault count percentage of total count
                 A         B        C        D         E       F
            +---------+---------+-------+---------+---------+-------
      Total |    1626 |     667 |  29.1 |     111 |      14 |  11.2
            +---------+---------+-------+---------+---------+-------
        D:1 |      13 |       0 |   0.0 |       7 |       0 |   0.0
        D:2 |     128 |      31 |  19.5 |      27 |       9 |  25.0
        D:3 |     184 |      35 |  16.0 |      28 |       1 |   3.4
        D:4 |     307 |     230 |  42.8 |      19 |       2 |   9.5
        D:5 |     729 |     371 |  33.7 |      22 |       2 |   8.3
        D:6 |     265 |       0 |   0.0 |       8 |       0 |   0.0
            +---------+---------+-------+---------+---------+-------
